 Dungeon Crawl Stone Soup version 0.14.1-26-g5a19342 (webtiles) character file.

196 MRaven the Digger (level 4, -2/36 HPs)
             Began as a Deep Dwarf Earth Elementalist on July 8, 2014.
             Slain by a malarious mermaid
             ... wielding a +0,+0 trident
              (16 damage)
             ... in a sewer.
             The game lasted 00:23:22 (2917 turns).

MRaven the Digger (Deep Dwarf Earth Elementalist)   Turns: 2917, Time: 00:23:22

HP  -2/36        AC  2     Str 12      XL: 4   Next: 78%
MP   0/9         EV 12     Int 16      God:
Gold 74          SH  0     Dex 13      Spells:  2 memorised,  6 levels left

rFire  . . .     SeeInvis .     m - +0,-2 dagger (curse)
rCold  . . .     Clarity  .     c - +0 robe
rNeg   . . .     Conserve +     (no shield)
rPois  .         rCorr    .     (no helmet)
rElec  .         rRot     .     (no cloak)
SustAb . .       Spirit   .     (no gloves)
rMut   .         Warding  .     (no boots)
Saprov . . .     Stasis   .     l - amulet of conservation
MR     .....                    (no ring)
                                (no ring)

@: mesmerised, non-regenerating, very slightly contaminated, hasted, very quick,
not resistant to hostile enchantments, fairly stealthy
A: damage resistance, recharge devices, sense surroundings 1, slow healing 3
a: Device Recharging


You were in a sewer.
You were hungry.

You visited 1 branch of the dungeon, and saw 3 of its levels.
You also visited: Sewer.

You collected 74 gold pieces.

Inventory:

Hand weapons
 g - a +0,+0 hand axe
 m - a cursed +0,-2 dagger (weapon)
Missiles
 b - 114 stones (quivered)
Armour
 c - a +0 robe (worn)
Magical devices
 a - a wand of heal wounds (4)
Comestibles
 f - a bread ration
 h - 2 chunks of rat flesh
 i - a chunk of rat flesh
 j - 2 meat rations
 q - a choko
Scrolls
 u - a scroll of identify
Jewellery
 l - an amulet of conservation (around neck)
Potions
 k - a potion of cure mutation
Books
 d - a book of Geomancy

   Spells                             Type                      Level
   *Sandblast                         Earth                        1
   *Stoneskin                         Transmutation/Earth          2
   Passwall                           Transmutation/Earth          3
   Stone Arrow                        Conjuration/Earth            3
   Petrify                            Transmutation/Earth          4
   Lee's Rapid Deconstruction         Earth                        5


   Skills:
 - Level 2.1 Dodging
 - Level 2.4 Stealth
 + Level 3.0 Spellcasting
 - Level 0.8 Transmutations
 + Level 6.1 Earth Magic


You had 6 spell levels left.
You knew the following spells:

 Your Spells              Type           Power        Failure   Level  Hunger
a - Sandblast             Erth           ###...       1%          1    #......
b - Stoneskin             Trmt/Erth      ##........   10%         2    ##.....


Dungeon Overview and Level Annotations

Branches:
Dungeon (3/15)

Altars:


Innate Abilities, Weirdness & Mutations

You are resistant to damage.
You can recharge devices by infusing magical energy.
You passively map a small area around you.
You do not heal naturally.


Message History

You throw a stone. The stone misses the malarious mermaid.
The malarious mermaid closely misses you.
Throwing (i - inventory):
b - 117 stones (quivered)
Press: ? - help, Shift-Dir - straight line, f/p - malarious mermaid
Aim: a malarious mermaid, wielding a trident (almost dead, mesmerising)
You throw a stone. The stone hits the malarious mermaid.
The malarious mermaid is almost dead.
The malarious mermaid closely misses you.
Throwing (i - inventory):
b - 116 stones (quivered)
Press: ? - help, Shift-Dir - straight line, f/p - malarious mermaid
Aim: a malarious mermaid, wielding a trident (almost dead, mesmerising)
You throw a stone. The stone hits the malarious mermaid.
The malarious mermaid is almost dead.
Throwing (i - inventory):
b - 115 stones (quivered)
Press: ? - help, Shift-Dir - straight line, f/p - malarious mermaid
Aim: a malarious mermaid, wielding a trident (almost dead, mesmerising)
You throw a stone. The stone hits the malarious mermaid.
The malarious mermaid is almost dead.
The malarious mermaid hits you from afar with a trident!
You die...

###≈≈≈.###
#∩∩≈≈≈≈...
########## * *
##########≈≈≈≈≈≈≈ ,
, ,
#≈≈≈≈≈≈≈≈≈≈≈≈%≈..
###≈≈≈#############
, ###≈###≈≈≈#.# #
≈* ≈≈≈(≈≈≈%≈##.# *,
(≈≈≈≈(m%@%..# * ≈
≈≈≈..(####### ≈...
..#


You could see a malarious mermaid.

Vanquished Creatures
  5 adders (D:2)
  3 giant mites
  5 giant geckos
  4 ball pythons
  4 bats
  2 giant cockroaches
  4 goblins
  5 hobgoblins
  6 kobolds
  5 giant newts
  18 rats
61 creatures vanquished.

Notes
Turn   | Place    | Note
--------------------------------------------------------------
     0 | D:1      | MRaven, the Deep Dwarf Earth Elementalist, began the quest for the Orb.
     0 | D:1      | Reached XP level 1. HP: 15/15 MP: 2/2
   348 | D:1      | Reached XP level 2. HP: 19/22 MP: 1/4
   907 | D:1      | Learned a level 2 spell: Stoneskin
  1703 | D:2      | Reached skill level 5 in Earth Magic
  1703 | D:2      | Reached XP level 3. HP: 25/28 MP: 1/6
  2051 | D:2      | Reached XP level 4. HP: 32/36 MP: 0/8
  2596 | D:3      | Found a glowing drain.
  2708 | Sewer    | Entered a sewer
  2844 | Sewer    | Reached skill level 6 in Earth Magic
  2917 | Sewer    | Slain by a malarious mermaid

Action                   |  1- 3 |  4- 6 || total
-------------------------+-------+-------++-------
Melee: Unarmed           |    11 |       ||    11
       Dagger            |     3 |       ||     3
Throw: Tomahawk          |    44 |    18 ||    62
       Stone             |       |    26 ||    26
 Cast: Sandblast         |    57 |    51 ||   108
Evoke: Wand              |       |     1 ||     1
  Use: Potion            |     3 |     3 ||     6
       Scroll            |     1 |     2 ||     3
